 Dungeon Crawl Stone Soup version 0.30-a0-629-gd54f4be4f7 (webtiles) character file.

Game seed: 13367031857834101076

4996 Dirtsage the Transmogrifier (level 10, -42/65 HPs)
             Began as an Octopode Transmuter on Jan 12, 2023.
             Was a Believer of the Shining One.
             Annihilated by a boulder beetle (51 damage)
             ... on level 9 of the Dungeon.
             The game lasted 00:20:39 (7994 turns).

Dirtsage the Transmogrifier (Octopode Transmuter)   Turns: 7994, Time: 00:20:39

Health: -42/65     AC:  1    Str:  9    XL:     10   Next: 54%
Magic:  13/13      EV: 14    Int: 25    God:    the Shining One [**....]
Gold:   444        SH:  0    Dex: 11    Spells: 4/13 levels left

rFire   . . .      SeeInvis +    r - +8 hand axe of Ebiryi {protect, rC+++ rN+ Dex-3 SInv}
rCold   + + +      Faith    .    (no shield)
rNeg    + + +      Spirit   .    (helmet restricted)
rPois   .          Reflect  .    f - amulet of the acrobat
rElec   .          Harm     .    W - ring of wizardry
rCorr   +          Rampage  .    C - ring of resist corrosion
Will    .....                    N - ring of positive energy
Stlth   +                        E - +6 ring of intelligence
HPRegen 0.30/turn                H - ring of flight
MPRegen 0.13/turn                (no ring)
                                 (no ring)
                                 (no ring)

@: about to teleport, wereblooded, flying, glowing
A: almost no armour, amphibious, 8 rings, camouflage 1, gelatinous body 1,
(nimble swimmer 1), tentacles
a: Renounce Religion, Divine Shield


You were on level 9 of the Dungeon.
You worshipped the Shining One.
The Shining One was pleased with you.
You visited 2 branches of the dungeon, and saw 10 of its levels.

You collected 444 gold pieces.

Inventory:

Hand Weapons
 r - the +8 hand axe of Ebiryi (weapon) {protect, rC+++ rN+ Dex-3 SInv}
   (You found it on level 4 of the Dungeon)

   Dex:       It affects your dexterity (-3).
   rC:        It renders you almost immune to cold.
   rN:        It protects you from negative energy.
   SInv:      It lets you see invisible.
Missiles
 s - 2 throwing nets
Magical Staves
 x - a staff of fire
Jewellery
 f - an amulet of the acrobat (around mantle)
 C - a ring of resist corrosion (right tentacle)
 D - an amulet of faith
 E - a +6 ring of intelligence (on tentacle)
 H - a ring of flight (on tentacle)
 N - a ring of positive energy (on tentacle)
 W - a ring of wizardry (left tentacle)
Wands
 u - a wand of charming (7)
Scrolls
 d - a scroll of magic mapping
 e - 2 scrolls of enchant armour
 g - a scroll of fear
 i - 2 scrolls of identify
 j - 2 scrolls of fog
 n - 3 scrolls of immolation
 t - 4 scrolls of teleportation
 w - a scroll of poison
 y - a scroll of amnesia
 A - a scroll of brand weapon
 B - a scroll of acquirement {unknown}
 F - a scroll of vulnerability
 I - a scroll of enchant weapon
Potions
 a - 2 potions of lignification
 b - 2 potions of brilliance {unknown}
 c - a potion of flight {unknown}
 h - 3 potions of haste {unknown}
 k - 3 potions of attraction {unknown}
 l - 2 potions of mutation {unknown}
 m - a potion of cancellation {unknown}
 o - a potion of invisibility
 p - 3 potions of heal wounds {unknown}
 q - a potion of curing
 v - 3 potions of degeneration {unknown}
 z - a potion of magic {unknown}
 G - a potion of ambrosia {unknown}


   Skills:
 + Level 4.5 Fighting
 + Level 4.5 Dodging
 * Level 6.8 Unarmed Combat
 - Level 2.0 Spellcasting
 + Level 1.1 Translocations
 + Level 8.1 Transmutations
 * Level 7.9 Ice Magic
 + Level 4.3 Air Magic
 + Level 2.7 Invocations


You had 4 spell levels left.
You knew the following spells:

 Your Spells              Type           Power      Damage    Failure   Level
a - Ice Form              Ice/Tmut       42%        N/A       1%          4
b - Wereblood             Tmut           43%        N/A       1%          2
c - Beastly Appendage     Tmut           86%        N/A       1%          1
d - Blink                 Tloc           16%        N/A       4%          2

Your spell library contained the following spells:

 Spells                   Type           Power      Damage    Failure   Level
 Spider Form              Tmut/Pois      22%        N/A       2%          3
 Necrotise                Necr           8%         1d4       4%          1
 Momentum Strike          Conj/Tloc      10%        3d8       6%          2
 Kindle Blastsparks       Fire/Tloc/Air  22%        2d11      6%          3
 Lesser Beckoning         Tloc           16%        N/A       9%          3
 Vampiric Draining        Necr           2%         2d6       13%         3
 Summon Lightning Spire   Summ/Air       13%        N/A       17%         4
 Iskenderun's Mystic Bla  Conj/Tloc      5%         2d3       32%         4
 Fulminant Prism          Conj/Hex       1%         3d5       38%         4
 Alistair's Intoxication  Tmut/Pois      14%        N/A       22%         5
 Agony                    Necr           2%         N/A       73%         5
 Borgnjor's Vile Clutch   Necr/Erth      1%         N/A       73%         5
 Lee's Rapid Deconstruct  Erth           1%         3d4*      73%         5
 Eringya's Noxious Bog    Tmut/Pois      11%        N/A       75%         6
 Storm Form               Tmut/Air       16%        N/A       94%         7
 Maxwell's Capacitive Co  Air            12%        ∞         100%        8


Dungeon Overview and Level Annotations

Branches:
Dungeon (9/15)             Temple (1/1) D:4            Lair (0/5) D:8
    Orc: D:9-12

Altars:
Ashenzari
Cheibriados
Dithmenos
Elyvilon
Fedhas
Gozag
Hepliaklqana
Kikubaaqudgha
Makhleb
Nemelex Xobeh
Okawaru
Qazlal
Ru
Sif Muna
Trog
Uskayaw
Vehumet
Wu Jian
Xom
Yredelemnul
Zin
The Shining One

Annotations:
D:6 Maggie
Temple 2 transporters


Innate Abilities, Weirdness & Mutations

You cannot wear most types of armour.
You are amphibious.
You can wear up to eight rings at the same time.
Your skin changes colour to match your surroundings (Stealth+).
Your rubbery body absorbs attacks. (AC +1, EV +1)
((You are camouflaged when in or above water. (Stealth+)))
You have tentacles for arms and can constrict up to eight enemies at once.


Message History

* * * LOW HITPOINT WARNING * * *
You take 1 damage, and have 9/78 hp.
Your surroundings seem slightly different.
You start resting.
A centaur is nearby!
Your transformation is almost over.
The centaur wields a +0 shortbow.
The centaur shoots an arrow.
The arrow closely misses you.
The centaur unwields a +0 shortbow.
The centaur closely misses you. x2
You hit the centaur but do no damage.
The centaur is lightly wounded.
The centaur hits you but does no damage.
The centaur closely misses you.
You punch the centaur! You freeze the centaur.
The centaur is heavily wounded.
The centaur barely misses you.
The centaur kicks you but does no damage.
The centaur closely misses you.
The centaur kicks you but does no damage.
You hit the centaur but do no damage.
The centaur is heavily wounded.
The centaur hits you.
* * * LOW HITPOINT WARNING * * *
The centaur kicks you but does no damage.
You take 6 damage, and have 9/78 hp.
You punch the centaur! You freeze the centaur.
You feel a bit better.
You kill the centaur!
You howl as the wereblood boils in your veins!
The boulder beetle curls into a ball and begins rolling!
You regained 2 hp, and now have 11/78 hp.
MP restored: 13
As you read the scroll of teleportation, it crumbles to dust.
You feel strangely unstable.
You howl as the wereblood boils in your veins!
You warm up again.
The +8 hand axe of Ebiryi {protect, rC+++ rN+ Dex-3 SInv} unmelds from your body.
The +8 hand axe of Ebiryi {protect, rC+++ rN+ Dex-3 SInv} hums with potential!
The boulder beetle hits you!!!
Ouch! That really hurt!
You die...

.# #...###......##....#....†.....
c# #.(.##..######.....##...#.....
B###...##.######.......#...#..(..
..§.........c..##.....##...######
##############.###...##....#
#..○###.#.##### ####○.....#
#####B#...## #...@..#..#
#......+..# #......##.#
#......##.. #......###.# ########
..


You could see a boulder beetle (rolling).

Vanquished Creatures
  A rime drake (D:8)
  A polar bear (D:8)
  A hornet (D:7)
  Sigmund (D:3)
  A wyvern (D:9)
  5 yaks
  A steam dragon (D:9)
  An acid dragon (D:9)
  A water moccasin (D:7)
  An orc warrior (D:8)
  A black bear (D:6)
  7 ice beasts (D:8)
  2 sky beasts (D:7)
  An ogre (D:5)
  3 wolves (D:8)
  2 centaurs
  A phantom (D:6)
  2 bullfrogs
  A necrophage (D:5)
  7 scorpions
  A howler monkey (D:5)
  2 jellies
  A quasit (D:6)
  5 hounds
  4 iguanas
  5 orc wizards
  8 gnolls
  4 adders
  4 shadow imps
  2 white imps
  3 ufetubi (D:6)
  A worm (D:4)
  A dart slug (D:3)
  13 orcs
  10 endoplasms
  3 giant cockroaches
  6 hobgoblins
  7 jackals (D:1)
  10 kobolds
  2 quokkas
  6 ball pythons
  9 bats
  3 frilled lizards
  2 goblins
  10 rats
163 creatures vanquished.

Vanquished Creatures (others)
  A demonic plant (D:6)
1 creature vanquished.

Grand Total: 164 creatures vanquished

Notes
Turn   | Place    | Note
-------+----------+-------------------------------------------
     0 | D:1      | Dirtsage the Octopode Transmuter began the quest for the
                  | Orb.
     0 | D:1      | Reached XP level 1. HP: 13/13 MP: 3/3
    85 | D:1      | Reached skill level 1 in Ice Magic
    85 | D:1      | Reached XP level 2. HP: 3/18 MP: 5/5
   230 | D:1      | Learned a level 2 spell: Wereblood
   451 | D:1      | Reached XP level 3. HP: 23/23 MP: 6/6
   809 | D:1      | Reached skill level 3 in Transmutations
  1408 | D:2      | Found a faded altar of an unknown god.
  1668 | D:2      | Found Zivition's Vocational Training.
  1949 | D:3      | Reached XP level 4. HP: 20/28 MP: 5/7
  1956 | D:3      | Learned a level 4 spell: Ice Form
  2436 | D:3      | Reached XP level 5. HP: 33/33 MP: 8/8
  2449 | D:3      | Found a blossoming altar of Fedhas.
  2485 | D:3      | Noticed Sigmund
  2503 | D:3      | Killed Sigmund
  2504 | D:3      | Reached skill level 4 in Transmutations
  2504 | D:3      | Reached XP level 6. HP: 26/38 MP: 9/9
  2726 | D:4      | Found a staircase to the Ecumenical Temple.
  2733 | D:4      | Identified the +8 hand axe of Ebiryi {protect, rC+++ rN+
                  | Dex-3 SInv}
  2947 | D:4      | Reached skill level 5 in Transmutations
  2997 | D:4      | Learned a level 2 spell: Blink
  3447 | Temple   | Entered the Ecumenical Temple
  3447 | Temple   | Found a transporter.
  3447 | Temple   | Found a transporter.
  3449 | Temple   | Found a transporter.
  3449 | Temple   | Found a transporter.
  3460 | Temple   | Became a worshipper of the Shining One
  3487 | D:5      | Entered Level 5 of the Dungeon
  3496 | D:5      | Reached XP level 7. HP: 34/43 MP: 10/10
  3697 | D:5      | Reached skill level 5 in Ice Magic
  3697 | D:5      | Reached skill level 1 in Air Magic
  3770 | D:5      | Reached XP level 8. HP: 50/50 MP: 11/11
  3774 | D:5      | Found an ancient bone altar of Kikubaaqudgha.
  4004 | D:5      | Reached skill level 6 in Transmutations
  4214 | D:6      | Reached * piety under the Shining One
  4728 | D:6      | Noticed Maggie
  5054 | D:7      | Noticed a hornet
  5062 | D:7      | Killed a hornet
  5063 | D:7      | Reached XP level 9. HP: 43/56 MP: 10/12
  5064 | D:7      | Reached skill level 5 in Unarmed Combat
  5291 | D:7      | Found a shadowy altar of Dithmenos.
  5412 | D:7      | Reached skill level 7 in Transmutations
  6163 | D:8      | Reached skill level 1 in Invocations
  6181 | D:8      | Noticed a rime drake
  6184 | D:8      | Noticed a polar bear
  6213 | D:8      | Killed a rime drake
  6214 | D:8      | Reached XP level 10. HP: 36/63 MP: 7/13
  6224 | D:8      | Reached ** piety under the Shining One
  6646 | D:8      | Reached skill level 8 in Transmutations
  7057 | D:8      | Found a staircase to the Lair.
  7960 | D:9      | Noticed a boulder beetle
  7968 | D:9      | Reached skill level 1 in Translocations
  7994 | D:9      | Annihilated by a boulder beetle

Illustrated notes

Levels and vault maps discovered:
D:1:      saegor_arrival_fortress, layout_loops_ring,
          chequers_serial_rivers_marsh
D:2:      layout_basic, chequers_ecumenical_altar_grove, nicolae_shop_vocational
D:3:      layout_rooms, fedhas_altar_fruit_tree, uniq_sigmund
D:4:      layout_basic, temple_statues
D:5:      layout_rooms, mainiacjoe_overflow_alcove_1
D:6:      layout_basic, serial_demonic, serial_demonic_g, serial_demonic_c,
          serial_demonic_a, serial_demonic_b, chequers_serial_rivers_micro_d,
          st_stairs_12, uniq_maggie
D:7:      layout_gridville, nicolae_dithmenos_through_a_glass_darkly
D:8:      layout_layer_cave, hellmonk_lair_entry_icy, amcnicky_mini_pool_small
D:9:      layout_basic, orc_0_dummy, serial_ice, serial_ice_g, serial_ice_c,
          serial_ice_d, serial_ice_j, grunt_ministairs_9, uniq_pikel
Temple:   hellmonk_temple_divided_pantheon

Skill      XL: |  1  2  3  4  5  6  7  8  9 10 |
---------------+-------------------------------+-----
Ice Magic      | 1 2 3 4 5 6 7 |  7.9
Transmutations | 3 4 5 6 7 8 |  8.1
Air Magic      | 1 3 4 |  4.3
Fighting       | 2 3 4 |  4.5
Unarmed Combat | 4 6 |  6.8
Dodging        | 3 4 |  4.5
Invocations    | 1 2 |  2.7
Translocations | 1 |  1.1
Spellcasting   | |  2.0

Action                   |  1- 3 |  4- 6 |  7- 9 | 10-12 || total
-------------------------+-------+-------+-------+-------++-------
Melee: Unarmed           |   116 |    39 |    82 |    77 ||   314
       Kick              |    19 |     5 |     1 |       ||    25
       Constrict         |    27 |    20 |    23 |       ||    70
       Tentacles         |    20 |    18 |    32 |       ||    70
       Punch             |     2 |     3 |     4 |       ||     9
       Hand axe          |       |    33 |    87 |       ||   120
 Cast: Beastly Appendage |    22 |     4 |     1 |       ||    27
       Wereblood         |     1 |     2 |     7 |     2 ||    12
       Ice Form          |       |       |     9 |    11 ||    20
       Blink             |       |       |     1 |       ||     1
  Use: Scroll            |       |       |    11 |     5 ||    16
 Stab: Sleeping          |    10 |     5 |       |       ||    15
       Distracted        |     1 |       |       |       ||     1
Armor: Skin              |     3 |     5 |    67 |    35 ||   110
Dodge: Dodged            |    78 |    62 |   145 |    41 ||   326

Table legend: (Time is in decaauts)
 A = Elapsed time spent in this place.
 B = Non-inter-level travel time spent in this place.
 C = Inter-level travel time spent in this place.
 D = Time resting spent in this place.
 E = Time spent auto-exploring this place.
 F = Levels seen in this place.
 G = Mean time per level.
                   A        B        C        D        E       F      G
               +--------+--------+--------+--------+--------+-----+--------+
         Total |   8004 |   7725 |    279 |    378 |   6086 |  10 |  800.4 |
       Dungeon |   7976 |   7709 |    267 |    378 |   6086 |   9 |  886.2 |
        Temple |     27 |     15 |     12 |      0 |      0 |   1 |   27.0 |
               +--------+--------+--------+--------+--------+-----+--------+

Top non-repeatable levels by time:
     D:8: 1412 daAuts
     D:2: 1095 daAuts
     D:7: 966 daAuts
     D:6: 956 daAuts
     D:1: 923 daAuts
     D:4: 782 daAuts
     D:5: 758 daAuts
     D:3: 656 daAuts
     D:9: 425 daAuts
  Temple: 27 daAuts
